 Dungeon Crawl Stone Soup version 0.32-a0-868-g153ae1a8d6 (webtiles) character file.

Game seed: 7142574090576913569

5894 jasper the Grappler (level 10, 0/102 HPs)
             Began as a Troll Fighter on Mar 28, 2024.
             Was a Believer of Wu Jian.
             Slain by a sixfirhy (12 damage)
             ... summoned by a kobold demonologist
             ... on level 9 of the Dungeon on Mar 29, 2024.
             The game lasted 00:10:34 (7316 turns).

jasper the Grappler (Troll Fighter)                 Turns: 7316, Time: 00:10:35

Health: 0/102      AC:  9    Str: 28    XL:     10   Next: 53%
Magic:  9/9        EV:  8    Int:  6    God:    Wu Jian [**....]
Gold:   644        SH: 14    Dex:  9    Spells: 9/9 levels left

rFire   . .          .
                       - Unarmed
rCold   . . .        b - +0 kite shield
rNeg    . . .        a - +0 robe
rPois   .            (helmet restricted)
rElec   .            E - +0 cloak
rCorr   .            (gloves unavailable)
SInv    .            (boots unavailable)
Will    .....        t - amulet of reflection
Stlth   +            h - +4 ring of protection
HPRegen 1.17/turn    (no ring)
MPRegen 0.11/turn

%: reflection
@: spiked
A: large, unfitting armour, claws 3, regeneration 1, shaggy fur 1, tough skin 1
a: Renounce Religion, Wall Jump


You were on level 9 of the Dungeon.
You worshipped Wu Jian.
Wu Jian was pleased with you.
You visited 1 branch of the dungeon, and saw 9 of its levels.
You also visited: Ossuary.

You collected 644 gold pieces.

Inventory:

Missiles
 g - 86 stones (quivered)
 k - 19 poisoned darts
 s - 4 large rocks
 J - 3 datura-tipped darts
 L - a curare-tipped dart
Armour
 a - a +0 robe (worn)
 b - a +0 kite shield (worn)
 E - a +0 cloak (worn)
Jewellery
 h - a +4 ring of protection (left claw)
 p - an amulet of magic regeneration
 t - an amulet of reflection (around neck)
 D - a ring of ice
 G - a ring of magical power
Wands
 i - a wand of light (13)
 z - a wand of mindburst (9)
 F - a wand of warping (11)
 I - a wand of charming (8)
 K - a wand of polymorph (9)
Scrolls
 f - 3 scrolls of enchant weapon
 q - 2 scrolls of revelation
 r - 5 scrolls of teleportation
 v - a scroll of amnesia
 w - 3 scrolls of poison
 A - 2 scrolls of vulnerability
 C - 2 scrolls of fear
 H - 2 scrolls of fog
 N - 3 scrolls of noise
Potions
 c - 3 potions of might
 d - a potion of heal wounds
 e - 4 potions of curing
 j - a potion of resistance
 l - a potion of invisibility
 m - a potion of mutation
 n - 2 potions of enlightenment
 o - 2 potions of magic
 u - a potion of cancellation
 x - 3 potions of attraction
 B - 2 potions of lignification
 M - a potion of brilliance


   Skills:
 + Level 7.1 Fighting
 - Level 2.4 Dodging
 + Level 7.8 Shields
 * Level 11.5 Unarmed Combat


You had 9 spell levels left.
You didn't know any spells.
Your spell library contained the following spells:

 Spells                   Type           Power      Damage    Failure   Level
 Ensorcelled Hibernation  Hex/Ice        0%         N/A       78%         2
 Passwall                 Erth           0%         N/A       95%         3
 Stone Arrow              Conj/Erth      0%         3d7       95%         3
 Swiftness                Air            0%         N/A       95%         3
 Animate Armour           Summ/Erth      0%         N/A       100%        4
 Lehudib's Crystal Spear  Conj/Erth      0%         10d2      100%        8


Dungeon Overview and Level Annotations

Branches:
Dungeon (9/15)             Temple (0/1) D:5            Lair (0/5) D:8
Ossuary (visited)
    Orc: D:9-12

Altars:
Ashenzari
Cheibriados
Elyvilon
Fedhas
Hepliaklqana
Kikubaaqudgha
Nemelex Xobeh
Qazlal
Wu Jian

Shops:
D:6 *   D:7 [


Innate Abilities, Weirdness & Mutations

You are too large for most types of armour.
You have claws for hands.
Your natural rate of healing is unusually fast.
You are covered in fur. (AC +1)
You have tough skin. (AC +1)


Message History

The kobold demonologist gestures wildly while chanting.
The kobold barely misses you.
Health restored: 102 You mangle the kobold demonologist!!
The kobold demonologist is almost dead.
The sixfirhy hits you! The sixfirhy shocks you!
You block the sixfirhy's attack. You block the chaos spawn's attack.
The kobold demonologist hits you with a +0 dagger.
You block the kobold's attack. The kobold barely misses you.
The sixfirhy hits you! The sixfirhy shocks you!
You take 42 damage, and have 60/102 hp.
MASSIVE DAMAGE!!
You closely miss the kobold demonologist.
The kobold demonologist is almost dead.
The sixfirhy hits you. The sixfirhy shocks you! The sixfirhy hits you.
The sixfirhy shocks you!
* * * LOW HITPOINT WARNING * * *
You block the chaos spawn's attack. You block the kobold's attack.
The kobold demonologist casts a spell.
You block the kobold's attack.
You take 30 damage, and have 30/102 hp.
MASSIVE DAMAGE!!
You feel much better. The chaos spawn gores you! The chaos spawn shocks you!
The kobold demonologist hits you but does no damage.
You block the kobold's attack.
The red devil hits you with a +2 demon trident of electrocution!
* * * LOW HITPOINT WARNING * * *
Barbed spikes become lodged in your body.
You feel much better. You block the chaos spawn's attack.
You block the kobold's attack.
You block the kobold demonologist's attack.
The red devil hits you with a +2 demon trident of electrocution!!
More barbed spikes become lodged in your body.
You regained 8 hp, and now have 38/102 hp.
You scratch the kobold demonologist.
The kobold demonologist is almost dead.
The sixfirhy hits you. The sixfirhy shocks you!
* * * LOW HITPOINT WARNING * * *
You block the sixfirhy's attack. The sixfirhy hits you!
* * * LOW HITPOINT WARNING * * *
The sixfirhy shocks you!
You die...

#.. ..# # #.# #.# # #
#.# #.# # #. #.# #.# #
#.#### #.# #.# # #....#
#.# #.# # #.#..# ##.##
#.# ###
####.#K34###..[###.###..
....KKK@........>.......
####<#K4⌠###...###.###.#
#.........## #.###.#
########### #.....#
#######


You could see a kobold demonologist, a sixfirhy (summoned), a red devil
(summoned), a chaos spawn (summoned), a kobold brigand and 3 kobolds.

Vanquished Creatures
  Pikel (D:6)
  Maurice (D:7)
  A kobold demonologist (D:9)
  Jeremiah (D:6)
  3 dream sheep (D:7)
  A wyvern (D:8)
  Eustachio (D:6)
  A steam dragon (D:8)
  2 water moccasins
  3 orc warriors
  2 black bears
  A sky beast (D:7)
  2 centaurs (D:9)
  2 lemures (D:6)
  2 phantoms
  A weeping skull (Ossuary)
  2 kobold brigands
  5 bullfrogs
  A gnoll sergeant (D:7)
  A scorpion (D:5)
  11 wights
  2 burial acolytes (Ossuary)
  4 killer bees (D:9)
  An electric eel (D:8)
  3 howler monkeys
  A centaur zombie (Ossuary)
  2 jellies (D:6)
  4 hounds
  3 human zombies (Ossuary)
  An orc priest (D:6)
  A gnoll bouda (D:7)
  An iguana (D:4)
  5 orc wizards
  6 hound zombies (Ossuary)
  2 mummies (Ossuary)
  7 gnolls
  5 adders
  3 white imps
  2 dart slugs
  2 ribbon worms
  23 orcs
  5 ball pythons
  5 endoplasms
  2 giant cockroaches
  6 gnoll zombies (Ossuary)
  6 goblins
  8 hobgoblins
  2 jackals (D:2)
  14 kobolds
  5 quokkas
  2 bats (D:1)
  5 frilled lizards
  2 orc zombies (Ossuary)
  3 rats
  A butterfly (D:5)
189 creatures vanquished.

Notes
Turn   | Place    | Note
-------+----------+-------------------------------------------
     0 | D:1      | jasper the Troll Fighter began the quest for the Orb.
     0 | D:1      | Reached XP level 1. HP: 22/22 MP: 0/0
   166 | D:1      | Reached XP level 2. HP: 29/29 MP: 1/1
   974 | D:2      | Reached XP level 3. HP: 34/36 MP: 2/2
   978 | D:2      | Reached skill level 3 in Unarmed Combat
   984 | D:2      | Identified the +8 war axe of Abuse {vamp, rC++ Str+3}
  1343 | D:3      | Found a stormy altar of Qazlal.
  1346 | D:3      | Reached XP level 4. HP: 44/44 MP: 3/3
  1993 | D:3      | Reached skill level 4 in Unarmed Combat
  1999 | D:3      | Reached XP level 5. HP: 53/53 MP: 4/4
  2067 | D:4      | Found a sand-covered staircase.
  2087 | Ossuary  | Entered an ossuary
  2233 | Ossuary  | Reached XP level 6. HP: 59/61 MP: 5/5
  2248 | Ossuary  | Reached skill level 5 in Unarmed Combat
  2432 | Ossuary  | Reached XP level 7. HP: 66/68 MP: 6/6
  2917 | D:4      | Found an ornate altar of the Wu Jian Council.
  2928 | D:4      | Found a blossoming altar of Fedhas.
  2964 | D:4      | Found an ancient bone altar of Kikubaaqudgha.
  2964 | D:4      | Found a white marble altar of Elyvilon.
  2997 | D:4      | Became a worshipper of the Wu Jian Council
  3193 | D:5      | Entered Level 5 of the Dungeon
  3199 | D:5      | Reached skill level 6 in Unarmed Combat
  3270 | D:5      | Found a staircase to the Ecumenical Temple.
  3412 | D:5      | Reached XP level 8. HP: 76/79 MP: 7/7
  3454 | D:5      | Reached skill level 5 in Shields
  3484 | D:5      | Reached skill level 7 in Unarmed Combat
  3862 | D:6      | Found Evowkor's Overcharged Wands.
  4106 | D:6      | Reached skill level 5 in Fighting
  4118 | D:6      | Noticed Eustachio
  4127 | D:6      | Killed Eustachio
  4128 | D:6      | Reached skill level 8 in Unarmed Combat
  4254 | D:6      | Noticed Pikel
  4278 | D:6      | Killed Pikel
  4279 | D:6      | Reached XP level 9. HP: 57/88 MP: 8/8
  4477 | D:6      | Noticed Jeremiah
  4628 | D:6      | Killed Jeremiah
  4629 | D:6      | Reached skill level 9 in Unarmed Combat
  4972 | D:7      | Reached * piety under Wu Jian
  5032 | D:7      | Found Sumann's Antique Armour Emporium.
  5212 | D:7      | Reached skill level 10 in Unarmed Combat
  5378 | D:7      | Noticed Maurice
  5384 | D:7      | Maurice stole a ring of ice
  5391 | D:7      | Maurice stole 504 gold
  5397 | D:7      | Killed Maurice
  5985 | D:7      | Reached XP level 10. HP: 95/100 MP: 9/9
  6348 | D:8      | Found a staircase to the Lair.
  6841 | D:8      | Found a snail-covered altar of Cheibriados.
  7042 | D:9      | Reached skill level 11 in Unarmed Combat
  7048 | D:9      | Reached ** piety under Wu Jian
  7148 | D:9      | Found a hazy altar of Hepliaklqana.
  7148 | D:9      | Found a broken altar of Ashenzari.
  7294 | D:9      | Found a sparkling altar of Nemelex Xobeh.
  7312 | D:9      | Noticed a sixfirhy
  7316 | D:9      | Slain by a sixfirhy

Illustrated notes

Levels and vault maps discovered:
D:1:      onia_arrival_pentagram, layout_loops_corners
D:2:      layout_basic
D:3:      layout_loops_ring, amcnicky_altar_gilded, minmay_goblin_kobold_house
D:4:      layout_cave_pools, gammafunk_temple_overflow_elements,
          amethyst_overflow_temple_binary, enter_ossuary_1, saegor_snake_ambush
D:5:      layout_basic, minmay_temple_entry_butterflies
D:6:      layout_loops_ring, nicolae_shop_overcharged_wands, uniq_eustachio,
          uniq_jeremiah, uniq_pikel
D:7:      layout_layer_cave, serial_shops, shop, dreamdust_gnoll_shepherd,
          uniq_maurice
D:8:      layout_basic, kennysheep_mini_moat, lair_entry_dummy,
          serial_bayou_lagoon_a
D:9:      layout_loops_ring, gammafunk_temple_overflow_statue,
          nemelex_xobeh_ov_fountains_minmay, uniq_joseph

Skill      XL: |  1  2  3  4  5  6  7  8  9 10 |
---------------+-------------------------------+-----
Shields        | 3 4 6 7 |  7.8
Unarmed Combat | 3 4 5 6 8 10 11 | 11.5
Fighting       | 3 4 5 6 7 |  7.1
Dodging        | |  2.4

Action                     |  1- 3 |  4- 6 |  7- 9 | 10-12 || total
---------------------------+-------+-------+-------+-------++-------
  Melee: Unarmed           |    78 |   143 |   394 |   117 ||   732
  Throw: Stone             |       |       |     3 |       ||     3
         Dart              |       |       |       |     3 ||     3
Ability: Lunge             |       |       |    34 |    15 ||    49
         Whirlwind         |       |       |     3 |       ||     3
  Evoke: Wand              |       |       |       |     1 ||     1
    Use: Scroll            |     6 |     8 |     3 |     5 ||    22
         Potion            |       |       |     1 |     2 ||     3
   Stab: Sleeping          |     1 |       |     1 |       ||     2
 Armour: Robe              |    43 |    88 |   168 |    47 ||   346
  Dodge: Dodged            |    19 |    30 |    71 |    16 ||   136
  Block: Kite shield       |    29 |    46 |   140 |    69 ||   284
         Reflection        |       |       |       |     3 ||     3

Table legend: (Time is in decaauts)
 A = Elapsed time spent in this place.
 B = Non-inter-level travel time spent in this place.
 C = Inter-level travel time spent in this place.
 D = Time resting spent in this place.
 E = Time spent auto-exploring this place.
 F = Levels seen in this place.
 G = Mean time per level.
                   A        B        C        D        E       F      G
               +--------+--------+--------+--------+--------+-----+--------+
         Total |   7293 |   7003 |    290 |    377 |   5046 |  10 |  729.3 |
       Dungeon |   6768 |   6478 |    290 |    277 |   4827 |   9 |  752.0 |
       Ossuary |    524 |    524 |      0 |    100 |    219 |   1 |  524.0 |
               +--------+--------+--------+--------+--------+-----+--------+

Top non-repeatable levels by time:
     D:7: 1337 daAuts
     D:6: 971 daAuts
     D:8: 927 daAuts
     D:1: 874 daAuts
     D:3: 712 daAuts
     D:4: 625 daAuts
     D:5: 577 daAuts
 Ossuary: 524 daAuts
     D:2: 464 daAuts
     D:9: 278 daAuts
